 Dungeon Crawl Stone Soup version 0.29-a0-91-gdebf4667c2 (webtiles) character file.

Game seed: 16102239057851377488

973 lordive the Chucker (level 7, 0/66 HPs)
             Began as a Troll Hunter on Feb 7, 2022.
             Slain by a bullfrog zombie (5 damage)
             ... on level 5 of the Dungeon.
             The game lasted 00:05:25 (3157 turns).

lordive the Chucker (Troll Hunter)                  Turns: 3157, Time: 00:05:26

Health: 0/66       AC:  4    Str: 21    XL:     7   Next: 94%
Magic:  7/7        EV: 10    Int:  9    God:
Gold:   160        SH:  0    Dex: 10    Spells: 6/6 levels left

rFire   . . .      SeeInvis .     - Unarmed
rCold   . . .      Faith    .   (no shield)
rNeg    . . .      Spirit   .   b - +0 robe
rPois   .          Reflect  .   (helmet restricted)
rElec   .          Harm     .   (no cloak)
rCorr   .          Rampage  .   (gloves unavailable)
Will    .....                   (boots unavailable)
Stlth   +.........              (no amulet)
HPRegen 1.01/turn               (no ring)
MPRegen 0.10/turn               (no ring)

@: lethally poisoned (0 -> 0)
A: large, unfitting armour, claws 3, regeneration 1, shaggy fur 1, tough skin 1
a: no special abilities


You were on level 5 of the Dungeon.
You visited 1 branch of the dungeon, and saw 5 of its levels.
You also visited: Sewer.

You collected 160 gold pieces.

Inventory:

Missiles
 c - 4 large rocks (quivered)
 d - 2 throwing nets
Armour
 b - a +0 robe (worn)
Wands
 f - a wand of iceblast (8)
Scrolls
 e - 4 scrolls of blinking {unknown}
 h - a scroll of enchant weapon {unknown}
 k - a scroll of identify {unknown}
 l - a scroll of summoning {unknown}
 m - a scroll of magic mapping {unknown}
Potions
 a - 2 potions of curing {unknown}
 g - a potion of berserk rage {unknown}
 i - 2 potions of heal wounds
 j - 3 potions of flight


   Skills:
 * Level 2.8 Fighting
 * Level 4.6 Throwing
 * Level 2.0 Armour
 * Level 3.9 Dodging
 + Level 1.3 Stealth
 * Level 1.6 Shields
 + Level 4.2 Unarmed Combat
 * Level 1.8 Invocations


You had 6 spell levels left.
You didn't know any spells.
Your spell library contained the following spells:

 Spells                   Type           Power      Damage    Failure   Level
 Pain                     Necr           0%         1d4       38%         1
 Agony                    Necr           0%         N/A       100%        5
 Excruciating Wounds      Necr           0%         N/A       100%        5


Dungeon Overview and Level Annotations

Branches:
Dungeon (5/15)              Sewer (visited)
 Temple: D:4-7

Altars:
Hepliaklqana
Sif Muna
Xom
Yredelemnul

Shops:
D:1 ?


Innate Abilities, Weirdness & Mutations

You are too large for most types of armour.
You have claws for hands.
Your natural rate of healing is unusually fast.
You are covered in fur. (AC +1)
You have tough skin. (AC +1)


Message History

You closely miss the scorpion.
The scorpion is moderately wounded.
You feel sick. The scorpion barely misses you.
You scratch the scorpion.
The scorpion is severely wounded.
You feel sick.
You are no longer poisoned.
The scorpion stings you!
You closely miss the scorpion.
The scorpion is severely wounded.
The scorpion stings you.
You scratch the scorpion but do no damage.
The scorpion is severely wounded.
The scorpion stings you.
You are poisoned.
The scorpion poisons you!
You barely miss the scorpion.
The scorpion is severely wounded.
You feel very sick.
The scorpion stings you but does no damage.
You scratch the scorpion.
The scorpion is almost dead.
You feel sick. The scorpion stings you!
* * * LOW HITPOINT WARNING * * *
You claw the scorpion!
You kill the scorpion!
You feel sick.
Your Stealth skill increases to level 1!
You claw the bullfrog zombie! x2
The bullfrog zombie is heavily damaged.
You feel sick. The bullfrog zombie closely misses you.
You closely miss the bullfrog zombie.
The bullfrog zombie is heavily damaged.
You feel sick. The bullfrog zombie hits you.
* * * LOW HITPOINT WARNING * * *
You claw the bullfrog zombie!
The bullfrog zombie is severely damaged.
You feel sick. The bullfrog zombie closely misses you.
The bullfrog zombie hits you.
You die...

..# #.. ..## #.# #...
#.# #.. #.# #.. #.#
#.# #.# #)# #
##.####.#.###.#
#...@Z...............
#..####.............#
#..# #.............#
#.## #.###.#.#.#...#
#.# #.# #.#.#.#...#
#.# #.# #.#.#.#...#
##.## #.# #..........
#...####.###....##...#
#.#...............)...


You could see a bullfrog zombie.

Vanquished Creatures
  Sigmund (D:3)
  A necrophage (D:3)
  2 ogres
  A kobold brigand (Sewer)
  A scorpion (D:5)
  A water moccasin zombie (D:5)
  A centaur zombie (D:4)
  A jelly (D:5)
  2 orc priests (D:4)
  A centaur skeleton (D:5)
  A scorpion zombie (D:4)
  A hound skeleton (D:2)
  5 adders
  2 river rats (Sewer)
  An adder skeleton (D:4)
  A worm (D:2)
  3 dart slugs
  10 orcs
  5 bats
  5 endoplasms
  8 giant cockroaches
  11 goblins
  10 hobgoblins
  5 jackals
  14 kobolds
  3 quokkas
  7 ball pythons
  3 frilled lizards
  9 rats
116 creatures vanquished.

Notes
Turn   | Place    | Note
-------+----------+-------------------------------------------
     0 | D:1      | lordive the Troll Hunter began the quest for the Orb.
     0 | D:1      | Reached XP level 1. HP: 19/19 MP: 0/0
    97 | D:1      | Reached XP level 2. HP: 27/27 MP: 1/1
   158 | D:1      | Found Rink's Magic Scroll Shoppe.
   272 | D:1      | Reached XP level 3. HP: 29/33 MP: 2/2
   462 | D:2      | Reached skill level 1 in Unarmed Combat
   513 | D:2      | Found a hazy altar of Hepliaklqana.
   591 | D:2      | Found a faded altar of an unknown god.
   765 | D:2      | Reached XP level 4. HP: 41/41 MP: 3/3
  1290 | D:3      | Noticed a necrophage
  1318 | D:3      | Killed a necrophage
  1319 | D:3      | Reached XP level 5. HP: 11/49 MP: 4/4
  1424 | D:3      | Reached skill level 1 in Armour
  1504 | D:3      | Noticed Sigmund
  1516 | D:3      | Killed Sigmund
  1517 | D:3      | Reached skill level 1 in Invocations
  1517 | D:3      | Reached XP level 6. HP: 33/57 MP: 5/5
  1804 | D:3      | Found a glowing drain.
  1815 | Sewer    | Entered a sewer
  1822 | Sewer    | Reached skill level 1 in Shields
  1973 | Sewer    | Found a glowing silver altar of Zin.
  2460 | D:4      | Reached XP level 7. HP: 66/66 MP: 5/7
  2548 | D:4      | Found a basalt altar of Yredelemnul.
  2706 | D:4      | Found a shimmering blue altar of Sif Muna.
  2936 | D:4      | Found a shimmering altar of Xom.
  3066 | D:5      | Entered Level 5 of the Dungeon
  3155 | D:5      | Reached skill level 1 in Stealth
  3157 | D:5      | Slain by a bullfrog zombie

Illustrated notes

Levels and vault maps discovered:
D:1:      dpeg_arrival_simpleton_c, layout_rooms, serial_shops, shop
D:2:      minmay_angry_zag, layout_basic, hellmonk_ecumenical_altar_arch_garden,
          basic_altar, dk_vineyard_3
D:3:      layout_loops_corners, portal_sewer_entry_f, uniq_sigmund
D:4:      layout_basic, lemuel_crystal_altar, lemuel_zombie_altar_yredelemnul,
          lemuel_blue_sif_altar, moated_statue
D:5:      layout_loops_ring, ebering_ghost_rock_garden

Skill      XL: |  1  2  3  4  5  6  7 |
---------------+----------------------+-----
Throwing       | 4 |  4.6
Unarmed Combat | 1 2 3 4 |  4.2
Dodging        | 2 3 |  3.9
Armour         | 1 2 |  2.0
Fighting       | 2 |  2.8
Invocations    | 1 |  1.8
Shields        | 1 |  1.6
Stealth        | 1 |  1.3

Action                   |  1- 3 |  4- 6 |  7- 9 || total
-------------------------+-------+-------+-------++-------
Melee: Unarmed           |   101 |   153 |   113 ||   367
       Punch             |       |     4 |     5 ||     9
Throw: Large rock        |       |     3 |     3 ||     6
 Stab: Sleeping          |       |     1 |       ||     1
Armor: Robe              |    56 |    28 |    31 ||   115
Dodge: Dodged            |    68 |    73 |    49 ||   190

Table legend: (Time is in decaauts)
 A = Elapsed time spent in this place.
 B = Non-inter-level travel time spent in this place.
 C = Inter-level travel time spent in this place.
 D = Time resting spent in this place.
 E = Time spent auto-exploring this place.
 F = Levels seen in this place.
 G = Mean time per level.
                   A        B        C        D        E       F      G
               +--------+--------+--------+--------+--------+-----+--------+
         Total |   3198 |   3088 |    110 |      0 |   2204 |   6 |  533.0 |
       Dungeon |   2948 |   2838 |    110 |      0 |   2052 |   5 |  589.6 |
         Sewer |    250 |    250 |      0 |      0 |    152 |   1 |  250.0 |
               +--------+--------+--------+--------+--------+-----+--------+

Top non-repeatable levels by time:
     D:3: 1046 daAuts
     D:2: 864 daAuts
     D:4: 616 daAuts
     D:1: 330 daAuts
   Sewer: 250 daAuts
     D:5: 90 daAuts
